 Dungeon Sprint DCSS version 0.26.1-11-gd32895ea62 (webtiles) character file.

Game seed: 17089930684176154872

23329 MordorOrchid the Arsonist (level 13, 0/119 HPs)
             Began as an Octopode Fire Elementalist on June 9, 2021.
             Was a High Priest of Sif Muna.
             Slain by a vault guard
             ... wielding a +3 long sword
              (6 damage)
             ... in the Dungeon (Sprint V: "Ziggurat Sprint").
             The game lasted 00:25:50 (805 turns).

MordorOrchid the Arsonist (OpFE)                     Turns: 805, Time: 00:25:52

Health: 0/119      AC: 28    Str: 20    XL:     13   Next: 6%
Magic:  23/30      EV: 17    Int: 40    God:    Sif Muna [*****.]
Gold:   0          SH: 37    Dex: 24    Spells: 9/38 levels left

rFire    . . .     SeeInvis +   x - +14 obsidian axe {vorpal, +Fly SInv *Curse}
rCold    . . .     Faith    .   y - +18 shield of the Gong {rElec rN+ Will+ EV-5}
rNeg     + + .     Spirit   .   (helmet restricted)
rPois    ∞         Reflect  +   O - amulet of reflection
rElec    +         Harm     .   p - +6 ring of dexterity
rCorr    .         Rampage  .   q - +6 ring of dexterity
Will     +....     NoTele   +   r - +6 ring of intelligence
Stlth    ++++......             s - +6 ring of intelligence
HPRegen  0.29/turn              t - +6 ring of strength
MPRegen  0.22/turn              u - +6 ring of strength
                                S - +6 ring of intelligence
                                M - ring of wizardry

@: statue-form, mesmerised, studying Stealth, very slow
A: almost no armour, stealthy swim, amphibious, 8 rings, constrict 8, camouflage
1
a: End Transformation, Renounce Religion, Evoke Flight, Channel Magic, Forget
Spell, Divine Exegesis


You were in the Dungeon.
You worshipped Sif Muna.
Sif Muna was extremely pleased with you.
You were a stone statue.
You visited 1 branch

Inventory:

Hand Weapons
 x - the +14 obsidian axe (weapon) {vorpal, +Fly SInv *Curse}
   (You found it in the Dungeon)

   It inflicts extra damage upon your enemies.
   It lets you see invisible.
   It lets you fly.
   It curses itself when equipped.
 R - the +5 rapier of Wuerhint {speed, rF+ Will++}
   (You found it in the Dungeon)

   Attacks with this weapon are significantly faster.
   It protects you from fire.
   It affects your willpower, your defense against some magical effects.
Armour
 y - the +18 shield of the Gong (worn) {rElec rN+ Will+ EV-5}
   (You found it in the Dungeon)

   It affects your evasion (-5).
   It insulates you from electricity.
   It protects you from negative energy.
   It affects your willpower, your defense against some magical effects.
Magical Staves
 K - an uncursed staff of fire
 P - an uncursed staff of earth
Jewellery
 o - the cursed ring of the Fifty Wishes {*Drain +Blink rN+++ Str-4 Stlth-}
   (You found it in the Dungeon)

   [ring of strength]

   It affects your strength (-4).
   It renders you almost immune to negative energy.
   It lets you blink.
   It causes draining when unequipped.
   It makes you less stealthy.
   It has a curse placed upon it.
 p - a +6 ring of dexterity (left tentacle)
 q - a +6 ring of dexterity (right tentacle)
 r - a +6 ring of intelligence (on tentacle)
 s - a +6 ring of intelligence (on tentacle)
 t - a +6 ring of strength (on tentacle)
 u - a +6 ring of strength (on tentacle)
 F - an uncursed amulet of the acrobat
 G - an uncursed ring of protection from cold
 M - a ring of wizardry (on tentacle)
 N - the ring "Kiunothyge" {Ice Str+3 Int+4}
   (You found it in the Dungeon)

   [ring of ice]

   It enhances your ice magic.
   It affects your strength (+3).
   It affects your intelligence (+4).
   It makes you vulnerable to fire.
   It protects you from cold.
 O - an amulet of reflection (around mantle)
 Q - an uncursed ring of resist corrosion
 S - a +6 ring of intelligence (on tentacle)
Wands
 l - a wand of disintegration (7)
 m - a wand of iceblast (7)
 n - a wand of acid (7)
 E - a wand of flame (5)
Scrolls
 g - 4 scrolls of blinking
 w - 4 scrolls of amnesia
 z - 6 scrolls of fog
 A - a scroll of holy word
 B - 4 scrolls of identify
 C - 3 scrolls of remove curse
 D - 2 scrolls of fear
Potions
 a - 2 potions of brilliance
 b - 10 potions of curing
 c - 10 potions of heal wounds
 d - 2 potions of haste
 e - 5 potions of magic
 f - 2 potions of berserk rage
 i - 4 potions of resistance
 k - 2 potions of might
 L - a potion of mutation
Books
 J - a manual of Stealth
Miscellaneous
 h - a box of beasts
 j - a lightning rod (4/4)
 v - a lightning rod (4/4)
 H - a phantom mirror
 I - a condenser vane
 T - a phial of floods


   Skills:
 - Level 10.0 Fighting
 - Level 10.5 Dodging
 - Level 2.6 Stealth
 - Level 12.3 Shields
 * Level 9.4 Unarmed Combat
 + Level 13.4 Spellcasting
 - Level 9.3 Conjurations
 - Level 2.0 Translocations
 - Level 7.7 Transmutations
 * Level 14.4 Fire Magic
 - Level 7.6 Earth Magic
 - Level 9.0 Invocations
 - Level 6.0 Evocations


You had 9 spell levels left.
You knew the following spells:

 Your Spells              Type           Power        Failure   Level
a - Foxfire               Conj/Fire      100%         0%          1
c - Conjure Flame         Conj/Fire      89%          1%          3
e - Sticky Flame          Conj/Fire      89%          1%          4
f - Fireball              Conj/Fire      44%          1%          5
x - Blink                 Tloc           N/A          1%          2
F - Ignition              Fire           48%          12%         8
Y - Statue Form           Tmut/Erth      48%          4%          6

Your spell library contained the following spells:

 Spells                   Type           Power        Failure   Level
 Magic Dart               Conj           100%         1%          1
 Sandblast                Erth           100%         1%          1
 Shock                    Conj/Air       100%         1%          1
 Summon Small Mammal      Summ           100%         1%          1
 Call Imp                 Summ           26%          1%          2
 Corpse Rot               Necr/Air       N/A          1%          2
 Ensorcelled Hibernation  Hex/Ice        52%          1%          2
 Passwall                 Tmut/Erth      60%          1%          2
 Searing Ray              Conj           100%         1%          2
 Slow                     Hex            26%          1%          2
 Sublimation of Blood     Necr           13%          1%          2
 Swiftness                Air            26%          1%          2
 Dazzling Flash           Conj/Hex       100%         1%          3
 Gell's Gravitas          Tloc           21%          1%          3
 Ignite Poison            Fire/Tmut/Pois 72%          1%          3
 Inner Flame              Hex/Fire       71%          1%          3
 Lesser Beckoning         Tloc           21%          1%          3
 Portal Projectile        Hex/Tloc       68%          1%          3
 Spider Form              Tmut/Pois      27%          1%          3
 Static Discharge         Conj/Air       59%          1%          3
 Stone Arrow              Conj/Erth      100%         1%          3
 Teleport Other           Tloc           42%          1%          3
 Fulminant Prism          Conj/Hex       29%          1%          4
 Iskenderun's Mystic Bla  Conj/Tloc      64%          1%          4
 Petrify                  Tmut/Erth      73%          1%          4
 Bolt of Magma            Conj/Fire/Erth 42%          1%          5
 Lee's Rapid Deconstruct  Erth           36%          1%          5
 Confusing Touch          Hex            26%          2%          3
 Summon Guardian Golem    Hex/Summ       26%          2%          3
 Lightning Bolt           Conj/Air       29%          2%          5
 Passage of Golubria      Tloc           N/A          3%          4
 Yara's Violent Unravell  Hex/Tmut       27%          4%          5
 Airstrike                Air            13%          7%          4
 Dispel Undead            Necr           26%          7%          4
 Summon Forest            Summ/Tloc      17%          13%         5
 Metabolic Englaciation   Hex/Ice        13%          19%         5
 Summon Demon             Summ           13%          19%         5
 Summon Mana Viper        Hex/Summ       26%          19%         5
 Dispersal                Tloc           21%          41%         6
 Spellforged Servitor     Conj/Summ      29%          61%         7
 Shadow Creatures         Summ           N/A          69%         6
 Lehudib's Crystal Spear  Conj/Erth      38%          77%         8
 Malign Gateway           Summ/Tloc      17%          98%         7
 Chain Lightning          Conj/Air       29%          99%         8
 Fire Storm               Conj/Fire      44%          99%         9
 Disjunction              Tloc           21%          100%        8
 Absolute Zero            Ice            13%          100%        9
 Dragon's Call            Summ           13%          100%        9


Dungeon Overview and Level Annotations

Branches:
Dungeon (1/1)

Altars:
Ashenzari
Cheibriados
Dithmenos
Elyvilon
Fedhas
Gozag
Hepliaklqana
Kikubaaqudgha
Makhleb
Nemelex Xobeh
Okawaru
Qazlal
Ru
Sif Muna
Trog
Uskayaw
Vehumet
Wu Jian
Xom
Yredelemnul
Zin
The Shining One
Beogh
Jiyva
Lugonu


Innate Abilities, Weirdness & Mutations

You cannot wear most types of armour.
You are very stealthy in the water. (Stealth+)
You are amphibious.
You can wear up to eight rings at the same time.
You can use your tentacles to constrict eight enemies at once.
Your skin changes colour to match your surroundings (Stealth+).
((Your rubbery body absorbs attacks. (AC +1, EV +1)))


Message History

You slash the vault guard! The shadow dragon bites you!
* * * LOW HITPOINT WARNING * * *
The shadow dragon claws you but does no damage.
You block the shadow dragon's attack.
PTOANNNG!
The vault guard hits you but does no damage.
You block the shadow dragon's attack.
PTOANNNG!
You block the shadow dragon's attack.
BOUMMMMG!
The shadow dragon closely misses you.
The vault guard hits you with a +3 long sword!
* * * LOW HITPOINT WARNING * * *
You block the vault guard's attack.
BOUMMMMG!
The shadow dragon closely misses you.
The shadow dragon claws you but does no damage.
The shadow dragon completely misses you.
The vault guard hits you with a +3 long sword.
You die...

▓▓▓▓▓▓▓▓▓
)})}...▓...8©8..
▓.........*.▓..|.[)).
......((w..▓....))..
...().....▓........
..).)....▓........
.....▓ ▓........ ▓
▓▓p3.▓▓ ▓..).)...
▓..▓8D...▓..▓...))...
▓....p©.....▓..§)©)..
▓▓▓▓▓▓▓▓▓▓▓▓▓▓▓▓▓▓▓▓▓
▓...8©8...▓...8©8...▓
▓..[:=..[.▓..}}.[...▓
▓...)}.)..▓..})|[}..▓
▓.........▓.........▓
▓.........▓.........▓
▓..(......▓...).....▓


You could see a shadow dragon, 2 vault guards, a friendly eldritch tentacle and
a friendly neqoxec (summoned).

Vanquished Creatures
  An iron dragon (D)
  3 stone giants (D)
  A crystal guardian (D)
  3 naga warriors (D)
  A yaktaur captain (D)
  4 vault guards (D)
  2 centaur warriors (D)
  A dancing weapon (D)
  2 deep elf knights (D)
  2 iron golems (D)
  4 deep elf magi (D)
  A cyclops (D)
  An orc sorcerer (D)
  A naga mage (D)
  A black mamba (D)
  A yaktaur (D)
  3 merfolk (D)
  A spriggan (D)
  Sigmund (D)
  A water elemental (D)
  2 yaks (D)
  A fire elemental (D)
  3 nagas (D)
  Duvessa (D)
  2 black bears (D)
  5 centaurs (D)
  A wolf (D)
  A phantom (D)
  Blork the orc (D)
  4 earth elementals (D)
  Dowan (D)
  2 wights (D)
  An orc wizard (D)
  Crazy Yiuf (D)
  An orc priest (D)
  Jessica (D)
  An adder (D)
  3 adder zombies (D)
  2 orcs (D)
  2 bat skeletons (D)
  A ball python skeleton (D)
72 creatures vanquished.

Vanquished Creatures (collateral kills)
  A naga warrior (D)
  A centaur warrior (D)
  2 iron golems (D)
  A deep elf mage (D)
  2 cyclopes (D)
  A yaktaur (D)
  A water elemental (D)
  A centaur (D)
10 creatures vanquished.

Vanquished Creatures (others)
  A deep elf knight (D)
  A fire vortex (D)
2 creatures vanquished.

Grand Total: 84 creatures vanquished

Notes
Turn   | Place    | Note
-------+----------+-------------------------------------------
     0 | D        | MordorOrchid the Octopode Fire Elementalist began the quest
                  | for the Orb.
     0 | D        | Reached XP level 1. HP: 11/11 MP: 3/3
     0 | D        | Found a shimmering blue altar of Sif Muna.
     0 | D        | Found a sacrificial altar of Ru.
     0 | D        | Found a bloodstained altar of Trog.
     0 | D        | Found a stormy altar of Qazlal.
     0 | D        | Found an iron altar of Okawaru.
     0 | D        | Found a sparkling altar of Nemelex Xobeh.
     0 | D        | Found a blossoming altar of Fedhas.
     1 | D        | Found the +6 Majin-Bo {vamp, MP+6 Int+6}
     1 | D        | Found the +9 heavy crossbow "Sniper" {vorpal, Acc+∞ SInv}
     1 | D        | Found the +10 dark maul {vorpal}
     1 | D        | Found the +15 Maxwell's patent armour {-Cast -Tele rElec
                  | Will+ rCorr}
     1 | D        | Found the +18 shield of the Gong {rElec rN+ Will+ EV-5}
     1 | D        | Found the cursed +14 obsidian axe {vorpal, +Fly SInv
                  | *Curse}
     1 | D        | Found the +7 great mace "Firestarter" {inner flame, rF++}
     1 | D        | Found the +6 shillelagh "Devastator" {shatter}
     1 | D        | Found the +11 plutonium sword {*Contam Stlth-}
     1 | D        | Found the +8 lance "Wyrmbane" {slay drac, rPois rF+ rC+
                  | AC+3}
     1 | D        | Found the +9 sword of Zonguldrok {reap}
     1 | D        | Found the cursed +13 scythe of Curses {drain, *Curse}
     1 | D        | Found the +5 sword of Power {vorpal}
     1 | D        | Found the +7 mace of Variability {chain chaos}
     1 | D        | Found the +7 Singing Sword {vorpal, sonic wave}
     1 | D        | Found the +8 storm bow {elec, penet}
     6 | D        | Found a corrupted altar of Lugonu.
     6 | D        | Found an ancient bone altar of Kikubaaqudgha.
     6 | D        | Found a burning altar of Makhleb.
     6 | D        | Found a transporter.
     6 | D        | Found a viscous altar of Jiyva.
     6 | D        | Found a hazy altar of Hepliaklqana.
    32 | D        | Found an opulent altar of Gozag.
    45 | D        | Reached XP level 2. HP: 17/17 MP: 5/5
    54 | D        | Became a worshipper of Sif Muna the Loreminder
    79 | D        | Entered arena 2.
    79 | D        | Noticed a yak
    79 | D        | Noticed a yak
    79 | D        | Found a transporter.
    83 | D        | Killed a yak
    84 | D        | Reached skill level 5 in Fire Magic
    84 | D        | Reached XP level 3. HP: 25/25 MP: 5/7
    84 | D        | Reached XP level 4. HP: 30/30 MP: 5/8
    84 | D        | Reached XP level 5. HP: 36/36 MP: 5/9
    85 | D        | Killed a yak
    86 | D        | Reached skill level 6 in Fire Magic
    86 | D        | Reached XP level 6. HP: 43/43 MP: 5/11
    89 | D        | Entered arena 3.
    89 | D        | Noticed a merfolk
    89 | D        | Noticed a merfolk
    89 | D        | Noticed a merfolk
    89 | D        | Found a transporter.
    96 | D        | Killed a merfolk
    96 | D        | Reached * piety under Sif Muna
    97 | D        | Reached skill level 5 in Dodging
    97 | D        | Reached skill level 7 in Fire Magic
    97 | D        | Reached skill level 5 in Evocations
    97 | D        | Reached XP level 7. HP: 39/48 MP: 6/13
    97 | D        | Killed a merfolk
    98 | D        | Reached skill level 5 in Conjurations
    98 | D        | Reached skill level 8 in Fire Magic
    98 | D        | Killed a merfolk
    98 | D        | Reached ** piety under Sif Muna
    99 | D        | Reached XP level 8. HP: 44/54 MP: 6/15
   102 | D        | Entered arena 4.
   102 | D        | Noticed a spriggan
   102 | D        | Found a transporter.
   106 | D        | Killed a spriggan
   107 | D        | Reached skill level 5 in Spellcasting
   107 | D        | Reached skill level 9 in Fire Magic
   110 | D        | Reached *** piety under Sif Muna
   156 | D        | Learned a level 5 spell: Fireball
   159 | D        | Learned a level 2 spell: Blink
   164 | D        | Learned a level 4 spell: Sticky Flame
   168 | D        | Entered arena 5.
   168 | D        | Found a transporter.
   176 | D        | Reached skill level 5 in Invocations
   185 | D        | Entered arena 6.
   185 | D        | Noticed a water elemental
   185 | D        | Noticed a deep elf knight
   185 | D        | Noticed an orc sorcerer
   185 | D        | Noticed a deep elf mage
   185 | D        | Noticed a water elemental
   185 | D        | Found a transporter.
   188 | D        | Noticed a smoke demon
   189 | D        | Killed a water elemental
   189 | D        | Reached **** piety under Sif Muna
   190 | D        | Reached skill level 1 in Translocations
   190 | D        | Killed a deep elf mage
   191 | D        | Reached skill level 10 in Fire Magic
   191 | D        | Reached XP level 9. HP: 46/58 MP: 17/17
   191 | D        | Killed an orc sorcerer
   192 | D        | Reached skill level 10 in Shields
   197 | D        | Killed a deep elf knight
   197 | D        | Reached ***** piety under Sif Muna
   197 | D        | Identified Sif Muna's Early Guide to Sorcery (Sif Muna
                  | gifted it to you in the Dungeon)
   197 | D        | Received a gift from Sif Muna
   198 | D        | Reached skill level 11 in Fire Magic
   206 | D        | Entered arena 7.
   206 | D        | Noticed a cyclops
   206 | D        | Noticed a centaur warrior
   206 | D        | Noticed a centaur warrior
   207 | D        | Found a transporter.
   214 | D        | Killed a centaur warrior
   215 | D        | Reached XP level 10. HP: 55/63 MP: 18/20
   215 | D        | Killed a centaur warrior
   217 | D        | Killed a cyclops
   302 | D        | Learned a level 3 spell: Conjure Flame
   323 | D        | Entered arena 8.
   323 | D        | Noticed Sigmund
   323 | D        | Noticed Jessica
   323 | D        | Noticed Blork the orc
   323 | D        | Noticed Crazy Yiuf
   323 | D        | Noticed Dowan
   323 | D        | Noticed Duvessa
   324 | D        | Killed Crazy Yiuf
   324 | D        | Killed Dowan
   326 | D        | Killed Jessica
   327 | D        | Killed Blork the orc
   327 | D        | Killed Duvessa
   327 | D        | Received a gift from Sif Muna
   328 | D        | Reached skill level 12 in Fire Magic
   328 | D        | Killed Sigmund
   330 | D        | Found a transporter.
   347 | D        | Entered arena 9.
   347 | D        | Noticed a centaur warrior
   347 | D        | Noticed a cyclops
   347 | D        | Noticed a cyclops
   348 | D        | Found a transporter.
   353 | D        | Reached skill level 10 in Dodging
   353 | D        | Killed a cyclops
   353 | D        | Killed a centaur warrior
   353 | D        | Killed a cyclops
   354 | D        | Reached skill level 5 in Fighting
   354 | D        | Reached XP level 11. HP: 71/71 MP: 0/22
   357 | D        | Identified Pywkijov's Volume of Enthralling Transmigration
                  | (Sif Muna gifted it to you in the Dungeon)
   357 | D        | Received a gift from Sif Muna
   362 | D        | Got the ring "Kiunothyge" {Ice Str+3 Int+4}
   472 | D        | Learned a level 6 spell: Statue Form
   475 | D        | Entered arena 10.
   475 | D        | Noticed a deep elf knight
   475 | D        | Noticed a deep elf mage
   475 | D        | Noticed a +1 vorpal mace
   475 | D        | Noticed a deep elf mage
   475 | D        | Noticed a deep elf mage
   475 | D        | Noticed a deep elf knight
   475 | D        | Noticed a deep elf mage
   487 | D        | Killed a deep elf mage
   487 | D        | Killed a deep elf knight
   488 | D        | Killed a deep elf knight
   488 | D        | Killed a deep elf mage
   489 | D        | Found a transporter.
   490 | D        | Killed a deep elf mage
   492 | D        | Killed a +1 vorpal mace
   493 | D        | Reached skill level 5 in Transmutations
   493 | D        | Reached skill level 5 in Earth Magic
   494 | D        | Killed a deep elf mage
   505 | D        | Entered arena 11.
   506 | D        | Received a gift from Sif Muna
   510 | D        | Received a gift from Sif Muna
   512 | D        | Found a transporter.
   521 | D        | Got the Reference Book on Companions and Stolen Souls
   524 | D        | Entered arena 12.
   524 | D        | Noticed a naga warrior
   524 | D        | Noticed a naga warrior
   524 | D        | Noticed a naga warrior
   525 | D        | Noticed a naga warrior
   527 | D        | Reached skill level 1 in Unarmed Combat
   529 | D        | Killed a naga warrior
   530 | D        | Reached skill level 10 in Spellcasting
   535 | D        | Killed a naga warrior
   535 | D        | Identified Sif Muna's Volume of the Entourage and the
                  | Arsonist (Sif Muna gifted it to you in the Dungeon)
   535 | D        | Received a gift from Sif Muna
   538 | D        | Killed a naga warrior
   539 | D        | Killed a naga warrior
   540 | D        | Reached XP level 12. HP: 37/81 MP: 22/26
   550 | D        | Learned a level 8 spell: Ignition
   556 | D        | Found a transporter.
   563 | D        | Got the +5 rapier of Wuerhint {speed, rF+ Will++}
   566 | D        | Got the Disquisition on Dark Summoning
   684 | D        | Entered arena 13.
   684 | D        | Noticed a crystal guardian
   684 | D        | Noticed an iron golem
   684 | D        | Noticed an iron golem
   685 | D        | Noticed a stone giant
   685 | D        | Noticed an iron golem
   685 | D        | Noticed an iron golem
   685 | D        | Noticed an iron dragon
   686 | D        | Found a transporter.
   692 | D        | Killed an iron dragon
   693 | D        | Reached skill level 5 in Unarmed Combat
   693 | D        | Killed a stone giant
   693 | D        | Killed a crystal guardian
   693 | D        | Received a gift from Sif Muna
   694 | D        | Reached skill level 13 in Fire Magic
   695 | D        | Killed an iron golem
   695 | D        | Killed an iron golem
   696 | D        | Killed an iron golem
   697 | D        | Killed an iron golem
   705 | D        | Got the Papyrus of Supportive Earth
   710 | D        | Got the cursed ring of the Fifty Wishes {*Drain +Blink
                  | rN+++ Str-4 Stlth-}
   790 | D        | Entered arena 14.
   792 | D        | Noticed a vault guard
   792 | D        | Noticed a vault guard
   792 | D        | Noticed a stone giant
   792 | D        | Noticed a stone giant
   793 | D        | Noticed a shadow dragon
   793 | D        | Noticed a vault guard
   793 | D        | Noticed a yaktaur captain
   793 | D        | Noticed a vault guard
   794 | D        | Noticed a vault guard
   795 | D        | Identified the +7 arbalest "Qacrus" {vorpal, Int+6}
   795 | D        | Identified the ring "Vouppus" {Wiz Int+2}
   795 | D        | Noticed a vault guard
   797 | D        | Killed a vault guard
   797 | D        | Killed a stone giant
   797 | D        | Identified Sif Muna's Reference Book on Ghastly Conjuration
                  | (Sif Muna gifted it to you in the Dungeon)
   797 | D        | Received a gift from Sif Muna
   797 | D        | Killed a vault guard
   797 | D        | Killed a stone giant
   798 | D        | Reached skill level 10 in Fighting
   798 | D        | Reached skill level 14 in Fire Magic
   799 | D        | Identified the cursed +1 arbalest "Perotz" {flame, rElec
                  | rC+}
   799 | D        | Noticed a vault guard
   803 | D        | Killed a vault guard
   803 | D        | Killed a vault guard
   804 | D        | Reached XP level 13. HP: 20/92 MP: 22/30
   805 | D        | Killed a yaktaur captain
   805 | D        | Slain by a vault guard

Illustrated notes

Levels and vault maps discovered:
D:        sprint_v [room_start, room_1, room_2, room_3, room_4, room_5, room_6,
          room_7, room_8, room_9, room_10, room_11, room_12, room_13, room_14,
          room_15, room_16, room_17, room_18, room_19, room_20, room_21,
          room_22, room_23, room_24, room_25, room_26, room_27]

Skill      XL: |  1  2  3  4  5  6  7  8  9 10 11 12 |
---------------+-------------------------------------+-----
Shields        | 7 8 9 10 12 | 12.3
Fighting       | 2 4 5 7 10 | 10.0
Dodging        | 3 4 5 6 7 9 10 | 10.5
Spellcasting   | 3 4 5 6 7 10 13 | 13.4
Conjurations   | 2 3 4 5 6 8 9 |  9.3
Fire Magic     | 5 6 7 8 10 11 12 14 | 14.4
Evocations     | 3 4 5 6 |  6.0
Invocations    | 2 3 5 7 9 |  9.0
Translocations | 2 |  2.0
Transmutations | 7 |  7.7
Earth Magic    | 7 |  7.6
Unarmed Combat | 4 9 |  9.4
Stealth        | |  2.6

Action                   |  1- 3 |  4- 6 |  7- 9 | 10-12 | 13-15 || total
-------------------------+-------+-------+-------+-------+-------++-------
Melee: Broad axe         |     2 |     4 |    21 |    28 |     1 ||    56
       Tentacles         |     1 |       |     2 |     7 |     1 ||    11
       Constrict         |       |     1 |     3 |     1 |       ||     5
       Staff             |       |       |       |     1 |       ||     1
       Punch             |       |       |       |     2 |       ||     2
 Cast: Fireball          |       |       |       |    23 |       ||    23
       Sticky Flame      |       |       |       |     5 |       ||     5
       Statue Form       |       |       |       |     3 |       ||     3
       Fire Storm        |       |       |       |     2 |       ||     2
       Malign Gateway    |       |       |       |     1 |       ||     1
Invok: Channel Magic     |       |       |       |     4 |       ||     4
       Divine Exegesis   |       |       |       |     4 |       ||     4
  Use: Potion            |     4 |       |     4 |     6 |     1 ||    15
       Scroll            |       |       |       |     4 |       ||     4
 Stab: Sleeping          |     2 |     3 |     7 |       |       ||    12
       Invisible         |       |     1 |     4 |       |       ||     5
       Distracted        |       |       |       |     3 |       ||     3
Armor: Skin              |       |       |       |    15 |     5 ||    20
Dodge: Dodged            |       |       |     9 |    26 |     3 ||    38
Block: Kite shield       |     1 |     5 |    23 |   106 |     6 ||   141
       Reflection        |       |       |       |    11 |       ||    11
